 Seeded DCSS version 0.30-a0-632-g346586fe48 (webtiles) character file.

Game seed: 14849965952657902159 (custom seed)

255665 acebull12 the Slayer (level 19, -8/193 HPs)
             Began as a Minotaur Monk on Jan 13, 2023.
             Was the Champion of Okawaru.
             Mangled by the Royal Jelly (33 damage)
             ... in the Arena.
             The game lasted 01:49:37 (32000 turns).

acebull12 the Slayer (Minotaur Monk)               Turns: 32000, Time: 01:49:38

Health: -8/193     AC: 37    Str: 23    XL:     19   Next: 43%
Magic:  23/37      EV: 10    Int: 18    God:    Okawaru [******]
Gold:   3433       SH: 24    Dex: 14    Spells: 18/18 levels left

rFire   + + .      SeeInvis +    s - +8 morningstar of the Moon {pain, rElec Int+3 SInv}
rCold   + . .      Faith    .    f - +6 tower shield {AC+3}
rNeg    . . .      Spirit   .    D - +8 plate armour of Grace {Regen+ rCorr}
rPois   .          Reflect  .    j - +1 hat of the Terrible God {Will+ Int+5}
rElec   +          Harm     +    Q - +2 cloak {Will+}
rCorr   +          Rampage  .    W - +2 pair of gloves "Usubasom" {rF+ Will+ Int+3}
Will    ++++.                    y - +0 pair of boots of Chimes {Harm rElec rF+ MP+9} Stlth
                                 z - amulet of regeneration
HPRegen 2.12/turn                q - +4 ring of protection
MPRegen 0.25/turn                Y - ring of protection from cold

@: mighty, engulfed (cannot breathe), corroded, hasted, studying Maces & Flails,
duelling, very quick
A: horns 2, retaliatory headbutt
}: 1/15 runes: serpentine
a: Renounce Religion, Heroism, Finesse, Duel


You were in the Arena.
You worshipped Okawaru.
Okawaru was exalted by your worship.
You visited 10 branches of the dungeon, and saw 36 of its levels.
You also visited: Bailey, Gauntlet and Volcano.

You collected 3433 gold pieces.

Inventory:

Hand Weapons
 s - the +8 morningstar of the Moon (weapon) {pain, rElec Int+3 SInv}
   (You found it on level 2 of the Snake Pit)

   Int:       It affects your intelligence (+3).
   rElec:     It insulates you from electricity.
   SInv:      It lets you see invisible.
 U - the +8 whip "Snakebite" {venom, curare, rPois}
   (You found it on level 1 of the Lair of Beasts)

   rPois:     It protects you from poison.
Missiles
 g - 12 javelins
 h - 6 datura-tipped darts
 l - 160 stones
 r - 4 silver javelins
 X - a throwing net (quivered)
Armour
 f - a +6 tower shield of protection (worn)
 j - the +1 hat of the Terrible God (worn) {Will+ Int+5}
   (Okawaru gifted it to you on level 3 of the Lair of Beasts)

   Int:       It affects your intelligence (+5).
   Will:      It increases your willpower.
 y - the +0 pair of boots of Chimes (worn) {Harm rElec rF+ MP+9}
   (You found it on level 4 of the Dungeon)

   rF:        It protects you from fire.
   rElec:     It insulates you from electricity.
   MP:        It affects your magic capacity (+9).
   Harm:      It increases damage dealt and taken.
 D - the +8 plate armour of Grace (worn) {Regen+ rCorr}
   (Okawaru gifted it to you on level 1 of the Lair of Beasts)

   Regen:     It increases your rate of health regeneration.
   rCorr:     It protects you from acid and corrosion.
 Q - a +2 cloak of willpower (worn)
 W - the +2 pair of gloves "Usubasom" (worn) {rF+ Will+ Int+3}
   (Okawaru gifted it to you on level 1 of the Lair of Beasts)

   Int:       It affects your intelligence (+3).
   rF:        It protects you from fire.
   Will:      It increases your willpower.
Jewellery
 m - the ring of Xom's Fair Game {rPois rF+ Str+4 Stlth-}
   (You found it on level 3 of the Lair of Beasts)

   [ring of protection from fire]

   Str:       It affects your strength (+4).
   rF:        It protects you from fire.
   rPois:     It protects you from poison.
   Stlth:     It makes you less stealthy.
 q - a +4 ring of protection (left hand)
 v - the ring of Ereusuiq {rF+ Str+7}
   (You found it on level 11 of the Dungeon)

   [ring of protection from fire]

   Str:       It affects your strength (+7).
   rF:        It protects you from fire.
 z - an amulet of regeneration (around neck)
 A - a +6 ring of dexterity
 B - a ring of ice
 J - an amulet of guardian spirit
 N - a ring of willpower
 O - a +4 ring of protection
 R - a ring of ice
 S - an amulet of the acrobat
 Y - a ring of protection from cold (right hand)
 Z - an amulet of magic regeneration
Wands
 a - a wand of flame (59)
 t - a wand of digging (4)
 w - a wand of light (10)
 F - a wand of roots (34)
 I - a wand of mindburst (10)
 M - a wand of paralysis (23)
 T - a wand of polymorph (4)
Scrolls
 i - 2 scrolls of blinking
 o - 3 scrolls of silence
 u - 4 scrolls of magic mapping
 x - 10 scrolls of teleportation
 H - 3 scrolls of fear
 K - 3 scrolls of enchant weapon
 L - 3 scrolls of fog
 P - 4 scrolls of immolation
Potions
 b - 6 potions of heal wounds
 c - 6 potions of ambrosia
 d - a potion of berserk rage
 e - 7 potions of might
 k - 10 potions of flight
 n - 5 potions of curing
 p - 2 potions of brilliance
 C - a potion of invisibility
 E - 5 potions of haste
 G - 2 potions of resistance
 V - 2 potions of cancellation


   Skills:
 - Level 22.5 Fighting
 - Level 16.0 Maces & Flails
 * Level 8.1 Throwing
 - Level 14.0 Armour
 + Level 12.6 Dodging
 - Level 4.3 Stealth
 - Level 14.0 Shields
 - Level 5.0 Necromancy
 * Level 14.1 Invocations
 * Level 7.7 Evocations


You had 18 spell levels left.
You didn't know any spells.
Your spell library contained the following spells:

 Spells                   Type           Power      Damage    Failure   Level
 Sublimation of Blood     Necr           18%        N/A       85%         2
 Kiss of Death            Conj/Necr      36%        2d8       96%         1
 Magic Dart               Conj           0%         1d3       100%        1
 Shock                    Conj/Air       0%         1d3       100%        1
 Ensorcelled Hibernation  Hex/Ice        0%         N/A       100%        2
 Passwall                 Tmut/Erth      0%         N/A       100%        2
 Poisonous Vapours        Pois/Air       0%         N/A       100%        2
 Wereblood                Tmut           0%         N/A       100%        2
 Confusing Touch          Hex            0%         N/A       100%        3
 Hailstorm                Conj/Ice       0%         3d3       100%        3
 Ignite Poison            Fire/Tmut/Pois 0%         N/A       100%        3
 Mephitic Cloud           Conj/Pois/Air  0%         N/A       100%        3
 Swiftness                Air            0%         N/A       100%        3
 Dispel Undead            Necr           18%        3d11      100%        4
 Ice Form                 Ice/Tmut       0%         N/A       100%        4
 Olgreb's Toxic Radiance  Pois           0%         N/A       100%        4
 Petrify                  Tmut/Erth      0%         N/A       100%        4
 Sticky Flame             Conj/Fire      0%         2d3       100%        4
 Borgnjor's Vile Clutch   Necr/Erth      4%         N/A       100%        5
 Irradiate                Conj/Tmut      0%         3d11      100%        5
 Conjure Ball Lightning   Conj/Air       0%         3x3d6     100%        6
 Ozocubu's Refrigeration  Ice            0%         4d7       100%        7
 Discord                  Hex            0%         N/A       100%        8
 Disjunction              Tloc           0%         N/A       100%        8
 Ignition                 Fire           0%         3d3       100%        8
 Call Imp                 Summ           Unusable   N/A       N/A         2
 Animate Dead             Necr           Unusable   N/A       N/A         4
 Death Channel            Necr           Unusable   N/A       N/A         6
 Simulacrum               Ice/Necr       Unusable   N/A       N/A         6
 Summon Hydra             Summ           Unusable   N/A       N/A         7

Dungeon Overview and Level Annotations

Branches:
Dungeon (15/15)            Temple (1/1) D:4            Lair (5/5) D:10
  Swamp (1/4) Lair:3        Snake (4/4) Lair:3        Slime (5/5) Lair:4
    Orc (2/2) D:10            Elf (1/3) Orc:2        Vaults (1/5) D:13
 Depths (1/4) D:15         Bailey (visited)         Volcano (visited)
Gauntlet (visited)

Altars:
Ashenzari
Cheibriados
Dithmenos
Elyvilon
Fedhas
Gozag
Hepliaklqana
Kikubaaqudgha
Makhleb
Nemelex Xobeh
Okawaru
Qazlal
Ru
Sif Muna
Trog
Uskayaw
Vehumet
Wu Jian
Xom
Yredelemnul
Zin
The Shining One
Jiyva

Shops:
D:5 !   Orc:1 [   Orc:2 :(*!   Snake:1 *!!

Portals:
Hell: Lair:5
Pandemonium: Orc:2

Annotations:
D:13 3 runed translucent doors, Nialiw's ghost, journeyman GnHu
Snake:4 1 runed translucent door, olddryhag's ghost, adept DsGl
Slime:5 exclusion: upstairs
Orc:2 1 runed translucent door, drugrobin's ghost, journeyman DgDe Arena Royal Jelly


Innate Abilities, Weirdness & Mutations

You have a pair of horns on your head.
You reflexively headbutt those who attack you in melee.


Message History

You block the quicksilver ooze's attack. x3
The azure jelly hits you but does no damage. x2
You block the azure jelly's attack. The azure jelly barely misses you.
The acid blob hits you but does no damage.
The Royal Jelly hits you!
You are splashed with acid.
You resist.
The Royal Jelly hits you but does no damage.
The rockslime jiggles.
The rockslime hits you!
* * * LOW HITPOINT WARNING * * *
You hold your ground!
You puncture the Royal Jelly!
The Royal Jelly writhes in agony.
Your hands burn!
* * * LOW HITPOINT WARNING * * *
The Royal Jelly is almost dead.
The Royal Jelly shudders.
The Royal Jelly spits out another jelly.
* * * LOW HITPOINT WARNING * * *
Your lungs strain for air!
You block the quicksilver ooze's attack.
The quicksilver ooze hits you!
* * * LOW HITPOINT WARNING * * *
You feel your power leaking away. The quicksilver ooze hits you.
* * * LOW HITPOINT WARNING * * *
You block the quicksilver ooze's attack.
You block the azure jelly's attack.
The azure jelly hits you but does no damage.
You block the azure jelly's attack. x2; The quicksilver ooze hits you.
You block the quicksilver ooze's attack.
Okay, then.
You barely miss the Royal Jelly.
You headbutt the Royal Jelly, but do no damage.
The Royal Jelly is almost dead.
* * * LOW HITPOINT WARNING * * *
Your lungs strain for air!
The quicksilver ooze hits you.
You block the quicksilver ooze's attack.
The Royal Jelly hits you!!
You die...
Okawaru crowns the Royal Jelly victorious!

###########
##..p▓p▓p..##
##▓▓▓▓▓▓▓▓▓▓▓##
#.▓.........▓.#
#.▓.#.....#.▓.#
#p▓.........▓p#
#▓▓......JJ.▓▓#
#p▓....∩JJJ.▓∩#
#▓▓....JJ@J.▓▓#
#p▓.....JJJ.▓p#
#.▓.#.....#.▓.#
#.▓.........▓.#
##▓▓▓▓▓▓▓▓▓▓▓##
##..p▓p▓p..##
###########


You could see the Royal Jelly, an acid blob, an azure jelly, 3 rockslimes and 5
quicksilver oozes.

Vanquished Creatures
  Vashnia (Snake:2)
  Rupert (Lair:4)
  12 acid blobs
  Kirke (Lair:4)
  Gastronok (D:10)
  3 rockslimes
  7 nagarajas
  3 azure jellies
  4 quicksilver oozes
  A stone giant (D:11)
  A dire elephant (Lair:5)
  A minotaur (Gauntlet)
  Fannar (Orc:1)
  Josephine (D:11)
  Erolcha (Orc:1)
  3 great orbs of eyes (Slime:5)
  8 hydras
  Harold (Lair:2)
  3 demonspawn
  An ironbound frostheart (Vaults:1)
  Erica (Lair:1)
  4 anacondas
  The ghost of Rudyous the Cleaver, a novice HOFi of Jiyva (D:9)
  A dancing weapon (Orc:2)
  4 two-headed ogres
  9 death yaks
  3 boulder beetles
  2 catoblepae
  2 centaur warriors
  A death knight (D:11)
  2 tengu warriors (D:15)
  Urug (Lair:4)
  18 naga sharpshooters
  15 naga warriors
  A hell knight (Volcano)
  8 orc high priests (Orc:2)
  2 soul eaters (Orc:2)
  Sonja (Lair:2)
  2 sun demons
  10 shock serpents
  3 salamander mystics
  2 fire crabs
  A goliath frog (Swamp:1)
  A fire crab (shapeshifter) (D:13)
  3 sea snakes (Snake:4)
  6 naga ritualists
  A bog body (Lair:3)
  2 wizards
  Pikel (D:7)
  A deep elf zephyrmancer (Bailey)
  2 necromancers
  13 orc knights
  6 deep elf pyromancers
  7 mana vipers
  23 ugly things
  An oklob plant (Gauntlet)
  10 orc sorcerers
  3 manticores
  10 elephants (Lair:2)
  6 cyclopes
  13 salamanders
  2 centaur zombies (D:15)
  Joseph (D:7)
  A moth of wrath (Gauntlet)
  41 black mambas
  A smoke demon (Lair:5)
  A vault sentinel (Vaults:1)
  2 gargoyles
  Maurice (Orc:1)
  5 guardian serpents
  A molten gargoyle (Volcano)
  An eye of devastation (Slime:5)
  8 naga magi
  3 unseen horrors
  3 orange demons (Lair:5)
  12 cane toads
  Psyche (D:10)
  Maggie (D:7)
  3 efreet
  6 rime drakes
  A kobold demonologist (D:12)
  A freezing wraith (D:15)
  2 unseen horror zombies (D:9)
  2 tengu conjurers (D:15)
  A yaktaur (D:11)
  7 komodo dragons
  An ice devil (Lair:5)
  14 trolls
  A polar bear (Lair:2)
  4 hornets
  A queen bee (Lair:1)
  5 red devils
  11 blink frogs
  4 dream sheep (Lair:5)
  Grinder (D:6)
  Sigmund (D:2)
  A meliai zombie (D:15)
  79 slime creatures
  A centaur simulacrum (D:15)
  A spriggan (shapeshifter) (D:13)
  A shadow (D:11)
  2 vampires
  3 wyverns
  3 humans (Lair:4)
  2 hogs (Lair:4)
  2 basilisks
  61 yaks
  A basilisk (shapeshifter) (D:11)
  10 fire bats
  11 wraiths
  4 steam dragons
  A fire elemental (Orc:2)
  Grum (Lair:1)
  2 redbacks (Gauntlet)
  A swamp worm (Swamp:1)
  2 wargs
  31 nagas
  Duvessa (D:7)
  9 hell hounds
  6 acid dragons
  A floating eye (shapeshifter) (D:13)
  6 ice beasts
  48 orc warriors
  33 water moccasins
  2 black bears
  A sky beast (D:7)
  A swamp drake (D:10)
  10 ogres
  8 centaurs
  23 wolves
  A lemure (D:7)
  A phantom (D:6)
  2 kobold brigands
  6 bullfrogs
  3 gnoll sergeants
  17 wights
  An earth elemental (Elf:1)
  Dowan (D:7)
  23 killer bees (Lair:1)
  4 electric eels
  5 howler monkeys
  15 jellies
  5 lava snakes (Volcano)
  3 gnoll boudas
  35 orc priests
  4 hounds
  21 orc wizards
  Natasha (thrice) (D:2)
  A yak simulacrum (Lair:4)
  4 polar bear simulacra (Lair:4)
  5 wolf simulacra (Lair:4)
  29 gnolls
  14 adders
  A shadow imp (D:5)
  A white imp (D:6)
  2 ufetubi
  A worm (D:2)
  A dart slug (D:3)
  112 orcs
  3 bats
  9 endoplasms
  3 giant cockroaches
  5 goblins
  2 hobgoblins
  9 jackals
  16 kobolds
  5 quokkas
  10 ball pythons
  A frilled lizard (D:1)
  8 rats
  A river rat simulacrum (Lair:4)
1171 creatures vanquished.

Vanquished Creatures (others)
  A tengu conjurer (D:15)
  A bloated husk (Swamp:1)
  A shadow (D:11)
  A wolf (D:10)
  A goblin (D:7)
  20 fungi
  17 plants
  2 withered plants (Snake:4)
44 creatures vanquished.

Grand Total: 1215 creatures vanquished

Notes
Turn   | Place    | Note
-------+----------+-------------------------------------------
     0 | D:1      | acebull12 the Minotaur Monk began the quest for the Orb.
     0 | D:1      | Reached XP level 1. HP: 19/19 MP: 0/0
     0 | D:1      | Noticed a minotaur
     0 | D:1      | Noticed a gargoyle
     1 | D:1      | Noticed a vine stalker
     2 | D:1      | Noticed a dwarf
     4 | D:1      | Noticed a demigod
     4 | D:1      | Noticed a merfolk
     6 | D:1      | Noticed a gargoyle
     8 | D:1      | Noticed a tengu
     9 | D:1      | Noticed an elf
    13 | D:1      | Noticed a draconian
    17 | D:1      | Noticed a troll
    17 | D:1      | Noticed a merfolk
    19 | D:1      | Noticed a barachi
    19 | D:1      | Noticed a vampire
    21 | D:1      | Noticed a ghoul
   169 | D:1      | Reached XP level 2. HP: 27/27 MP: 1/1
   595 | D:2      | Found a glowing golden altar of the Shining One.
   643 | D:2      | Noticed Sigmund
   653 | D:2      | Reached XP level 3. HP: 33/33 MP: 2/2
   808 | D:2      | Killed Sigmund
   809 | D:2      | Reached skill level 4 in Fighting
   809 | D:2      | Reached XP level 4. HP: 3/40 MP: 3/3
   809 | D:2      | Reached XP level 5. HP: 4/46 MP: 4/4
  1045 | D:2      | Noticed Natasha
  1060 | D:2      | Killed Natasha
  1088 | D:2      | Noticed Natasha
  1101 | D:2      | Killed Natasha
  1102 | D:2      | Noticed Natasha
  1113 | D:2      | Killed Natasha
  1114 | D:2      | Reached XP level 6. HP: 40/53 MP: 5/5
  1845 | D:3      | Reached skill level 1 in Shields
  2361 | D:4      | Identified the +0 pair of boots of Chimes {Harm rElec rF+
                  | MP+9}
  2523 | D:4      | Found a staircase to the Ecumenical Temple.
  2595 | Temple   | Entered the Ecumenical Temple
  2883 | D:4      | Reached XP level 7. HP: 20/60 MP: 6/6
  2935 | D:4      | Found an iron altar of Okawaru.
  2938 | D:4      | Became a worshipper of Warmaster Okawaru
  2938 | D:4      | Reached * piety under Okawaru
  2938 | D:4      | Reached ** piety under Okawaru
  3441 | D:5      | Entered Level 5 of the Dungeon
  3545 | D:5      | Reached skill level 10 in Maces & Flails
  3799 | D:5      | Found Ynnumpum's Distillery.
  3957 | D:5      | Reached XP level 8. HP: 67/67 MP: 7/7
  4097 | D:5      | Reached skill level 5 in Fighting
  4382 | D:6      | Reached skill level 5 in Armour
  4470 | D:6      | Found a broken altar of Ashenzari.
  4590 | D:6      | Found a shimmering altar of Xom.
  4621 | D:6      | Reached *** piety under Okawaru
  4749 | D:6      | Noticed Grinder
  4758 | D:6      | Paralysed by Grinder for 3 turns
  4767 | D:6      | Killed Grinder
  4832 | D:6      | Found a sparkling altar of Nemelex Xobeh.
  4993 | D:6      | Reached XP level 9. HP: 71/74 MP: 8/8
  5212 | D:6      | Reached skill level 5 in Dodging
  5246 | D:6      | Reached skill level 6 in Fighting
  5500 | D:7      | Reached **** piety under Okawaru
  5574 | D:7      | Reached skill level 5 in Shields
  5593 | D:7      | Reached skill level 7 in Fighting
  5603 | D:7      | Noticed Joseph
  5620 | D:7      | Killed Joseph
  5620 | D:7      | Reached ***** piety under Okawaru
  5636 | D:7      | Noticed Pikel
  5646 | D:7      | Noticed Maggie
  5654 | D:7      | Killed Pikel
  5655 | D:7      | Reached XP level 10. HP: 87/88 MP: 9/9
  5669 | D:7      | Killed Maggie
  5670 | D:7      | Reached skill level 8 in Fighting
  5728 | D:7      | Found a flagged portal.
  5743 | Bailey   | Entered a bailey
  5804 | Bailey   | Noticed an orc knight
  5811 | Bailey   | Received a gift from Okawaru
  5882 | Bailey   | Found a large runed translucent door.
  5882 | Bailey   | Found a large runed translucent door.
  5883 | Bailey   | Noticed a deep elf zephyrmancer
  5928 | Bailey   | Killed a deep elf zephyrmancer
  5934 | Bailey   | Identified the +0 leather armour "Messag" {rPois Will+
                  | Slay+5 SInv}
  5936 | Bailey   | Identified the +1 troll leather armour "Cirirodu" {Regen+
                  | rCorr}
  5979 | Bailey   | Killed an orc knight
  6234 | D:7      | Noticed Dowan
  6234 | D:7      | Noticed Duvessa
  6251 | D:7      | Killed Dowan
  6267 | D:7      | Killed Duvessa
  6556 | D:8      | Noticed a two-headed ogre
  6568 | D:7      | Killed a two-headed ogre
  6569 | D:7      | Reached skill level 10 in Shields
  6975 | D:8      | Reached XP level 11. HP: 30/92 MP: 10/10
  7070 | D:8      | Reached skill level 9 in Fighting
  7631 | D:9      | Paralysed by a hornet for 3 turns
  8028 | D:9      | Reached ****** piety under Okawaru
  8030 | D:9      | Found a runed translucent gate.
  8030 | D:9      | Found a runed translucent gate.
  8030 | D:9      | Found a runed translucent gate.
  8030 | D:9      | Noticed Rudyous's ghost (novice HOFi)
  8032 | D:9      | Found a basalt altar of Yredelemnul.
  8038 | D:9      | Received a gift from Okawaru
  8075 | D:9      | Killed Rudyous's ghost
  8737 | D:10     | Entered Level 10 of the Dungeon
  8737 | D:10     | Noticed Gastronok
  8765 | D:10     | Killed Gastronok
  8868 | D:10     | Reached skill level 10 in Armour
  8970 | D:10     | Noticed Psyche
  8979 | D:10     | Killed Psyche
  9012 | D:10     | Found a staircase to the Lair.
  9316 | D:10     | Reached skill level 10 in Fighting
  9316 | D:10     | Reached skill level 15 in Maces & Flails
  9356 | D:10     | Found a white marble altar of Elyvilon.
  9379 | D:10     | Reached XP level 12. HP: 106/106 MP: 14/14
  9482 | D:10     | Found a staircase to the Orcish Mines.
  9941 | Lair:1   | Entered Level 1 of the Lair of Beasts
  9971 | Lair:1   | Noticed Grum
  9984 | Lair:1   | Killed Grum
  9988 | Lair:1   | Identified the +8 plate armour of Grace {Regen+ rCorr}
                  | (Okawaru gifted it to you on level 1 of the Lair of Beasts)
  9988 | Lair:1   | Received a gift from Okawaru
 10019 | Lair:1   | Reached skill level 5 in Invocations
 10134 | Lair:1   | Found a dark tunnel.
 10149 | Volcano  | Entered a volcano
 10315 | Volcano  | Found a bloodstained altar of Trog.
 10332 | Volcano  | Reached skill level 11 in Fighting
 10755 | Lair:1   | Found the +8 whip "Snakebite" {venom, curare, rPois}
 11124 | Lair:1   | Identified the +1 cloak "Ziawk" {Harm rF+}
 11154 | Lair:1   | Noticed Erica
 11162 | Lair:1   | Killed Erica
 11162 | Lair:1   | Identified the +2 pair of gloves "Usubasom" {rF+ Will+
                  | Int+3} (Okawaru gifted it to you on level 1 of the Lair of
                  | Beasts)
 11162 | Lair:1   | Received a gift from Okawaru
 11163 | Lair:1   | Reached skill level 12 in Fighting
 11474 | Lair:1   | Reached XP level 13. HP: 60/118 MP: 17/17
 11620 | Lair:2   | Noticed Sonja
 11626 | Lair:2   | Killed Sonja
 11729 | Lair:2   | Reached skill level 13 in Fighting
 12028 | Lair:2   | Noticed Harold
 12038 | Lair:2   | Killed Harold
 12175 | Lair:2   | Reached skill level 14 in Fighting
 12452 | Lair:3   | Received a gift from Okawaru
 12466 | Lair:3   | Found a gate leading to a gauntlet.
 12477 | Gauntlet | Entered a Gauntlet
 12477 | Gauntlet | Found a transporter.
 12477 | Gauntlet | Found a transporter.
 12482 | Gauntlet | Found a transporter.
 12497 | Gauntlet | Found a transporter.
 12519 | Gauntlet | Found a transporter.
 12526 | Gauntlet | Found a transporter.
 12606 | Gauntlet | Found a transporter.
 12621 | Gauntlet | Found a transporter.
 12642 | Gauntlet | Found a transporter.
 12651 | Gauntlet | Found a transporter.
 12670 | Gauntlet | Found a transporter.
 12737 | Gauntlet | Found a transporter.
 12739 | Gauntlet | Noticed a green death
 12747 | Gauntlet | Found a transporter.
 12757 | Gauntlet | Found a transporter.
 12781 | Gauntlet | Found a transporter.
 12791 | Gauntlet | Found a transporter.
 13050 | Gauntlet | Identified the +2 hand axe "Vupuc" {flame, rN+ rCorr
                  | Stlth-}
 13097 | Gauntlet | Identified the ring "Yrreizui" {rElec SInv Stlth+}
 13169 | Gauntlet | Identified the +9 longbow of the Abyss {heavy, rCorr Int+2}
 13169 | Gauntlet | Noticed a minotaur
 13187 | Gauntlet | Killed a minotaur
 13251 | Gauntlet | Identified the +2 scale mail "Zoexkis" {Will+}
 13252 | Gauntlet | Got the Anthology of Voltage
 13311 | Lair:3   | Identified the ring of Xom's Fair Game {rPois rF+ Str+4
                  | Stlth-}
 13319 | Lair:3   | Found a staircase to the Swamp.
 13598 | Lair:3   | Found a staircase to the Snake Pit.
 13607 | Lair:3   | Reached skill level 15 in Fighting
 13799 | Lair:3   | Identified the +1 hat of the Terrible God {Will+ Int+5}
                  | (Okawaru gifted it to you on level 3 of the Lair of Beasts)
 13799 | Lair:3   | Received a gift from Okawaru
 14303 | Swamp:1  | Entered Level 1 of the Swamp
 14540 | Snake:1  | Entered Level 1 of the Snake Pit
 14685 | Snake:1  | Found Hopn's Assorted Antiques.
 14688 | Snake:1  | Found Lefrafao's Distillery.
 14690 | Snake:1  | Found Gestrew's Distillery.
 15070 | Snake:1  | Reached XP level 14. HP: 135/135 MP: 19/19
 15995 | Snake:2  | Noticed Vashnia
 16182 | Snake:2  | Reached skill level 16 in Fighting
 16335 | Snake:2  | Identified the +2 plate armour of the Sparrow {SInv}
                  | (Okawaru gifted it to you on level 2 of the Snake Pit)
 16335 | Snake:2  | Received a gift from Okawaru
 16754 | Snake:2  | Identified the +8 morningstar of the Moon {pain, rElec
                  | Int+3 SInv}
 16820 | Snake:2  | Reached skill level 17 in Fighting
 16880 | Snake:2  | Noticed a nagaraja
 16901 | Snake:2  | Killed a nagaraja
 17154 | Snake:2  | Reached skill level 10 in Dodging
 17225 | Snake:2  | Killed Vashnia
 17498 | Snake:2  | Reached skill level 10 in Invocations
 17649 | Snake:3  | Identified the +3 scale mail "Rehiec" {Harm Stlth+}
                  | (Okawaru gifted it to you on level 3 of the Snake Pit)
 17649 | Snake:3  | Received a gift from Okawaru
 17878 | Snake:3  | Reached XP level 15. HP: 142/149 MP: 21/21
 18085 | Snake:3  | Reached skill level 18 in Fighting
 18886 | Snake:4  | Entered Level 4 of the Snake Pit
 19169 | Snake:4  | Identified the +0 plate armour of Xynliuh {-Tele rElec
                  | rF+++ rN+ Regen+} (Okawaru gifted it to you on level 4 of
                  | the Snake Pit)
 19169 | Snake:4  | Received a gift from Okawaru
 19245 | Snake:4  | Found a runed translucent door.
 19245 | Snake:4  | Noticed olddryhag's ghost (adept DsGl)
 19383 | Snake:4  | Noticed a nagaraja
 19384 | Snake:4  | Noticed a nagaraja
 19416 | Snake:3  | Killed a nagaraja
 19469 | Snake:3  | Killed a nagaraja
 19579 | Snake:4  | Noticed a nagaraja
 19617 | Snake:4  | Killed a nagaraja
 19786 | Snake:4  | Noticed a nagaraja
 19808 | Snake:4  | Killed a nagaraja
 19849 | Snake:4  | Noticed a nagaraja
 19866 | Snake:4  | Killed a nagaraja
 19867 | Snake:4  | Reached skill level 19 in Fighting
 20129 | Snake:4  | Identified the +4 dire flail of Exquisite Death {heavy,
                  | SInv Stlth+} (Okawaru gifted it to you on level 4 of the
                  | Snake Pit)
 20129 | Snake:4  | Received a gift from Okawaru
 20141 | Snake:4  | Got a serpentine rune of Zot
 20167 | Snake:4  | Noticed a nagaraja
 20182 | Snake:4  | Killed a nagaraja
 20251 | Snake:4  | Reached XP level 16. HP: 161/161 MP: 23/23
 21093 | D:11     | Identified the +4 robe of the Gate {rPois rN+}
 21116 | D:11     | Noticed Josephine
 21123 | D:11     | Killed Josephine
 21607 | D:11     | Reached skill level 20 in Fighting
 21725 | D:11     | Identified the ring of Ereusuiq {rF+ Str+7}
 21758 | D:11     | Received a gift from Okawaru
 22643 | D:12     | Identified the amulet "Loosucw" {*Corrode rF+ Will+ Regen+
                  | Int+8}
 22784 | D:12     | Reached skill level 1 in Necromancy
 22933 | D:12     | Reached skill level 21 in Fighting
 23473 | D:13     | Found a gate to the Vaults.
 23480 | Vaults:1 | Entered Level 1 of the Vaults
 23719 | D:13     | Found a runed translucent gate.
 23719 | D:13     | Found a runed translucent gate.
 23719 | D:13     | Found a runed translucent gate.
 23724 | D:13     | Noticed Nialiw's ghost (journeyman GnHu)
 24948 | D:14     | Received a gift from Okawaru
 25145 | D:15     | Entered Level 15 of the Dungeon
 25572 | D:15     | Reached skill level 22 in Fighting
 25653 | D:15     | Identified the +2 robe "Zottaqoa" {+Blink Str-3 Dex+7}
                  | (Okawaru gifted it to you on level 15 of the Dungeon)
 25653 | D:15     | Received a gift from Okawaru
 25654 | D:15     | Reached skill level 1 in Evocations
 26079 | D:15     | Found a staircase to the Depths.
 26117 | Depths:1 | Entered Level 1 of the Depths
 26408 | Orc:1    | Entered Level 1 of the Orcish Mines
 26412 | Orc:1    | Noticed Fannar
 26430 | Orc:1    | Killed Fannar
 26431 | Orc:1    | Reached XP level 17. HP: 173/176 MP: 25/25
 26484 | Orc:1    | Noticed Maurice
 26484 | Orc:1    | Noticed Erolcha
 26491 | Orc:1    | Killed Maurice
 26506 | Orc:1    | Killed Erolcha
 26686 | Orc:2    | Entered Level 2 of the Orcish Mines
 26743 | Orc:2    | Found a staircase to the Elven Halls.
 26887 | Orc:2    | Found Goyr Kuips's Distillery.
 26897 | Orc:2    | Found Caoni's General Store.
 26989 | Orc:2    | Found a runed translucent door.
 26992 | Orc:2    | Found a shimmering altar of Xom.
 26992 | Orc:2    | Noticed drugrobin's ghost (journeyman DgDe)
 26992 | Orc:2    | Identified the +6 war axe of Ru, Changing {chaos, rF+ rC+}
 27229 | Orc:2    | Reached skill level 1 in Throwing
 27379 | Orc:2    | Identified the +8 triple crossbow of the Soothsayer {drain,
                  | Contam rN+ Will+} (Okawaru gifted it to you on level 2 of
                  | the Orcish Mines)
 27379 | Orc:2    | Received a gift from Okawaru
 27490 | Orc:2    | Found Zurrack's Book Boutique.
 27490 | Orc:2    | Found Jiju's Antique Weapon Shop.
 27491 | Orc:2    | Found a one-way gate leading to the halls of Pandemonium.
 27565 | Orc:1    | Found Yxterega's Armour Boutique.
 27822 | Elf:1    | Entered Level 1 of the Elven Halls
 28310 | Lair:4   | Noticed Kirke
 28324 | Lair:4   | Killed Kirke
 28346 | Lair:4   | Found a staircase to the Slime Pits.
 28367 | Lair:4   | Found an ornate altar of the Wu Jian Council.
 28407 | Lair:4   | Noticed Urug
 28429 | Lair:4   | Killed Urug
 28608 | Lair:4   | Noticed Rupert
 28619 | Lair:4   | Killed Rupert
 29038 | Lair:5   | Entered Level 5 of the Lair of Beasts
 29051 | Lair:5   | Received a gift from Okawaru
 29235 | Lair:5   | Reached skill level 5 in Necromancy
 29342 | Lair:5   | Reached skill level 5 in Throwing
 29342 | Lair:5   | Reached skill level 5 in Evocations
 29342 | Lair:5   | Reached XP level 18. HP: 185/185 MP: 26/26
 29578 | Lair:5   | Found a burning altar of Makhleb.
 29623 | Lair:5   | Found a gateway to Hell.
 30172 | Slime:1  | Entered Level 1 of the Pits of Slime
 30448 | Lair:4   | Reached XP level 19. HP: 168/193 MP: 28/28
 30545 | Slime:1  | Identified the +2 plate armour of Conscience {rCorr Str+5}
                  | (Okawaru gifted it to you on level 1 of the Pits of Slime)
 30545 | Slime:1  | Received a gift from Okawaru
 30845 | Slime:5  | Entered Level 5 of the Pits of Slime
 31938 | Slime:5  | Found a viscous altar of Jiyva.
 31941 | Slime:5  | Noticed the Royal Jelly
 31976 | Arena    | Entered the Arena
 32000 | Arena    | Mangled by the Royal Jelly

Illustrated notes

Levels and vault maps discovered:
D:1:      shiori_arrival_whats_in_store_for_you, layout_rooms
D:2:      minmay_recursive_quarters, layout_basic, basic_altar, uniq_natasha,
          uniq_sigmund
D:3:      layout_rooms
D:4:      layout_basic, kennysheep_mini_moat,
          minmay_temple_entry_drinking_statues, minivault_5, grunt_ministairs_1
D:5:      layout_loops_ring, serial_shops, nicolae_shop_hallway_plus,
          kennysheep_path_1
D:6:      layout_loops_corners, mainiacjoe_overflow_boulevard,
          nemelex_dance_club_becter, mainiacjoe_overflow_24_doors,
          minmay_crystal_room, nicolae_underground_beach, uniq_grinder
D:7:      layout_rooms, enter_bailey_5, uniq_duvessa, uniq_joseph, uniq_maggie,
          uniq_pikel
D:8:      layout_basic
D:9:      layout_layer_cave, nicolae_yredelemnul_ghost_church, minmay_between
D:10:     layout_small_grid, nicolae_overflow_hidden_temple,
          hellmonk_lair_entry_icy, erik_orc_1, uniq_psyche, uniq_gastronok
D:11:     minmay_the_grid_4x2 [minmay_the_grid_gridbox,
          minmay_the_grid_tri_star, minmay_the_grid_square_x,
          minmay_the_grid_spin_star, minmay_the_grid_rooms,
          minmay_the_grid_minigrid_small, minmay_the_grid_eight,
          minmay_the_grid_prize_big_room], layout_layer_cave, uniq_josephine
D:12:     layout_roguey, minivault_11
D:13:     layout_grid_maze, david_vaults_2, ebering_ghost_rock_garden
D:14:     layout_loops_ring, hangedman_decor_lopped
D:15:     grunt_enter_depths_magical_seal, layout_stronghold,
          chequers_serial_rivers_small_3, corexii_leaking_fountain
Temple:   eino_temple_rhombus
Lair:1:   minmay_guarded_unrand_snakebite, layout_gridlike, special_room
          [special_room_bee], nicolae_volcano_entry_batcave,
          chequers_serial_rivers_small_a, serial_bayou_shore_a, uniq_erica,
          uniq_grum
Lair:2:   layout_regular_city, grunt_megastairs_3, uniq_sonja, uniq_harold
Lair:3:   layout_cave_pods, skrybe_swamp_entry_bodies,
          minmay_snake_entry_guardpost_small, gauntlet_entry_generic
Lair:4:   layout_long_grid, minmay_slime_entry_jelly_boxes, basic_altar,
          st_stairs_9, eino_house_with_fridge, uniq_urug, uniq_rupert,
          uniq_kirke
Lair:5:   evil_forest, layout_gridlike
Swamp:1:  nicolae_swamp_tree_isthmus, layout_basic_swamp,
          evilmike_swamp_ruin_house_5, uniq_donald, uniq_roxanne
Snake:1:  layout_layer_cave, minmay_shop_star
Snake:2:  layout_honeycomb, drop_trap, uniq_vashnia
Snake:3:  layout_misc_corridors, grunt_ministairs_14
Snake:4:  grunt_snake_rune_pools, layout_gridlike, gammafunk_ghost_grave,
          special_room
Slime:1:  layout_caves
Slime:2:  layout_caves, cheibrodos_slime_lost_civilization_7
Slime:3:  layout_caves, nicolae_slime_rock_hall_of_fame
Slime:4:  layout_caves
Slime:5
Orc:1:    layout_diamond_mine, serial_shops, nicolae_shop_stone, uniq_erolcha,
          uniq_maurice, uniq_fannar
Orc:2:    pf_orc_diabolical, layout_caves, ebering_ghost_xom,
          nicolae_orc_lost_temple
Elf:1:    layout_rooms, hellmonk_ghost_big_iron, hangedman_elf_disciples,
          hangedman_elven_pyramids, nicolae_alphabet_shops,
          nicolae_wooded_promenade
Vaults:1: nicolae_vaults_little_squares_1, gammafunk_sealed_arena,
          nicolae_vaults_big_ls, ontoclasm_vaults_pinch, ontoclasm_vaults_chip,
          ontoclasm_vaults_hangar, hangedman_vaults_hat,
          nicolae_vaults_triangles, nicolae_vaults_yaktaur_gun_rack, v_misc_8,
          ontoclasm_vaults_twist, nicolae_vaults_little_squares_4,
          layout_vaults_omnigrid
Depths:1: evilmike_library_of_no_secrets, layout_small_grid, hell_entry,
          lemuel_statue_altar, nzn_wu_jian_council_hall, grunt_megastairs_4
Arena

Skill      XL: |  1  2  3  4  5  6  7  8  9 10 11 12 13 14 15 16 17 18 19 |
---------------+----------------------------------------------------------+-----
Maces & Flails | 4 7 9 11 13 14 15 16 | 16.0
Fighting       | 4 5 7 8 10 12 15 17 19 22 | 22.5
Armour         | 2 3 4 6 8 10 12 14 | 14.0
Dodging        | 4 6 7 8 9 10 11 12 | 12.6
Shields        | 1 3 4 6 10 12 13 14 | 14.0
Stealth        | 2 3 4 |  4.3
Invocations    | 4 6 8 10 11 12 13 14 | 14.1
Necromancy     | 3 5 |  5.0
Evocations     | 1 5 6 7 |  7.7
Throwing       | 5 6 8 |  8.1

Action                   |  1- 3 |  4- 6 |  7- 9 | 10-12 | 13-15 | 16-18 | 19-21 || total
-------------------------+-------+-------+-------+-------+-------+-------+-------++-------
Melee: Mace              |    55 |   105 |   263 |   801 |       |       |       ||  1224
       Headbutt          |     9 |    36 |    63 |   207 |   361 |   429 |   109 ||  1214
       Flail             |       |    61 |       |       |       |       |       ||    61
       Punch             |       |       |     4 |     2 |       |       |       ||     6
       Whip              |       |       |       |    96 |  1359 |   761 |       ||  2216
       Morningstar       |       |       |       |       |       |   728 |   288 ||  1016
Throw: Throwing net      |       |       |       |       |       |       |     1 ||     1
Invok: Duel              |       |       |       |       |       |       |     1 ||     1
  Use: Scroll            |       |       |     5 |     3 |     6 |    18 |     4 ||    36
       Potion            |       |       |       |     1 |     2 |     1 |     4 ||     8
 Stab: Invisible         |       |       |       |       |     5 |       |       ||     5
       Held in net/web   |       |       |       |       |       |       |     1 ||     1
Armor: Robe              |     3 |       |       |       |       |       |       ||     3
       Scale mail        |    29 |    72 |   113 |    38 |       |       |       ||   252
       Plate armour      |       |       |       |   511 |   522 |   652 |   285 ||  1970
       Leather armour    |       |       |       |     2 |       |       |       ||     2
Dodge: Dodged            |    45 |    86 |   139 |   236 |   223 |   320 |   119 ||  1168
Block: Tower shield      |       |       |       |   960 |  1041 |  1505 |   476 ||  3982

Table legend: (Time is in decaauts)
 A = Elapsed time spent in this place.
 B = Non-inter-level travel time spent in this place.
 C = Inter-level travel time spent in this place.
 D = Time resting spent in this place.
 E = Time spent auto-exploring this place.
 F = Levels seen in this place.
 G = Mean time per level.
                   A        B        C        D        E       F      G
               +--------+--------+--------+--------+--------+-----+--------+
         Total |  31329 |  28442 |   2887 |   2553 |  16965 |  40 |  783.2 |
       Dungeon |  15088 |  13340 |   1748 |    815 |   9285 |  15 | 1005.9 |
        Temple |    181 |    166 |     15 |      0 |    153 |   1 |  181.0 |
          Lair |   5665 |   5052 |    613 |    266 |   3291 |   5 | 1133.0 |
         Swamp |     34 |     34 |      0 |     13 |      0 |   1 |   34.0 |
     Snake Pit |   5864 |   5479 |    385 |    624 |   3076 |   4 | 1466.0 |
    Slime Pits |   1538 |   1531 |      7 |    729 |      0 |   5 |  307.6 |
  Orcish Mines |   1399 |   1281 |    118 |     31 |    686 |   2 |  699.5 |
   Elven Halls |     13 |     13 |      0 |      0 |      0 |   1 |   13.0 |
        Vaults |     11 |     11 |      0 |      0 |      0 |   1 |   11.0 |
        Depths |      1 |      1 |      0 |      0 |      0 |   1 |    1.0 |
        Bailey |    386 |    386 |      0 |     39 |     56 |   1 |  386.0 |
       Volcano |    367 |    367 |      0 |     14 |     73 |   1 |  367.0 |
      Gauntlet |    760 |    760 |      0 |     22 |    344 |   1 |  760.0 |
         Arena |     16 |     16 |      0 |      0 |      0 |   1 |   16.0 |
               +--------+--------+--------+--------+--------+-----+--------+

Top non-repeatable levels by time:
    D:11: 1942 daAuts
 Snake:2: 1611 daAuts
 Snake:3: 1523 daAuts
 Snake:1: 1369 daAuts
 Snake:4: 1359 daAuts
     D:9: 1340 daAuts
  Lair:1: 1272 daAuts
    D:10: 1183 daAuts
     D:2: 1171 daAuts
  Lair:3: 1128 daAuts
  Lair:4: 1112 daAuts
     D:6: 1111 daAuts
    D:13: 1107 daAuts
  Lair:2: 1098 daAuts
     D:4: 1064 daAuts
